 Dungeon Crawl Stone Soup version 0.25-a0-306-g3faca94807 (webtiles) character file.

Game seed: 11519068942137286121, levelgen mode: deterministic

25 Redear the Skirmisher (level 2, -2/24 HPs)
             Began as a Mummy Monk on Dec 21, 2019.
             Slain by a jackal (3 damage)
             ... on level 2 of the Dungeon.
             The game lasted 00:01:33 (1717 turns).

Redear the Skirmisher (Mummy Monk)                  Turns: 1717, Time: 00:01:34

Health: -2/24      AC:  0    Str: 14    XL:     2   Next: 86%
Magic:  2/2        EV: 13    Int:  9    God:
Gold:   61         SH:  0    Dex: 14    Spells: 1/1 levels left

rFire    x . .     SeeInvis .     - Unarmed
rCold    + . .     Gourm    .   (no shield)
rNeg     + + +     Faith    .   (no armour)
rPois    ∞         Spirit   .   (no helmet)
rElec    .         Reflect  .   (no cloak)
rCorr    .         Harm     .   (no gloves)
MR       .....                  (no boots)
Stlth    ++........             (no amulet)
HPRegen  0.08/turn              (no ring)
MPRegen  0.08/turn              (no ring)

@: very slightly contaminated
A: no food or potions, fire vulnerability, cold resistance 1, negative energy
resistance 3, torment resistance, unbreathing
a: no special abilities


You were on level 2 of the Dungeon.
You were not hungry.

You visited 1 branch of the dungeon, and saw 2 of its levels.

You collected 61 gold pieces.

Inventory:

Scrolls
 c - a scroll of remove curse {unknown}
 R - a scroll of identify {@r1}


   Skills:
 + Level 3.3 Fighting
 + Level 2.8 Dodging
 - Level 1.5 Stealth
 + Level 2.8 Unarmed Combat


You had one spell level left.
You didn't know any spells.
Your spell library was empty.

Dungeon Overview and Level Annotations

Branches:
Dungeon (2/15)

Altars:
Ashenzari


Innate Abilities, Weirdness & Mutations

You do not eat or drink.
Your flesh is vulnerable to fire.
You are immune to poison.
Your flesh is cold resistant. (rC+)
You are immune to negative energy. (rN+++)
You are immune to unholy pain and torment.
You can survive without breathing.


Message History

The jackal is lightly wounded.
The jackal bites you.
* * * LOW HITPOINT WARNING * * *
The jackal closely misses you.
You take 1 damage, and have 1/24 hp.
You hit the jackal.
The jackal is severely wounded.
The jackal barely misses you.
You hit the jackal but do no damage.
The jackal is severely wounded.
The jackal barely misses you.
You hit the jackal but do no damage.
The jackal is severely wounded.
The jackal barely misses you. The jackal misses you.
You hit the jackal.
You kill the jackal!
You hit the jackal.
You kill the jackal!
You closely miss the jackal. The jackal bites you.
You die...

........h........#.#..........
######.##.......#.#.####.####
#.####...###.#.# #.# # #h#
#...# #.#.####.#### ###.#
##.## #............ ##.#h# #.#
###.#.####### #.$.h# #.#
#...(.....( ..## #.....# #h#
###.####### .... ##....# #@#
#.####### .(.. ##h#.# #.#
#.(...... h... ....# #.#
######### h... ##.### #.# ...
#§# #.# #.####.#######.#
#..h.h..(.(....#
######.........#
########..######$#


You could see a jackal.

Vanquished Creatures
  5 goblins
  3 hobgoblins (D:1)
  3 jackals (D:2)
  4 kobolds
  2 ball pythons (D:1)
  3 bats
  2 frilled lizards (D:1)
  2 rats
24 creatures vanquished.

Notes
Turn   | Place    | Note
-------+----------+-------------------------------------------
     0 | D:1      | Redear the Mummy Monk began the quest for the Orb.
     0 | D:1      | Reached XP level 1. HP: 18/18 MP: 1/1
   609 | D:1      | Reached XP level 2. HP: 16/24 MP: 2/2
   837 | D:1      | Found a shattered altar of Ashenzari.
  1707 | D:2      | HP: 2/24 [jackal (3)]
  1717 | D:2      | Slain by a jackal

Levels and vault maps discovered:
D:1:      tarquinn_simple_flora_water_c, layout_loops_corners, ashenzari_altar_1
D:2:      layout_loops_ring, first_ration

Action                   || total
-------------------------++-------
Melee: Unarmed           ||   105
  Use: Scroll            ||     2
 Stab: Sleeping          ||     4
Dodge: Dodged            ||    81

Table legend:
 A = Non-vault XP
 B = Vault XP
 C = Vault XP percentage of total XP
 D = Non-vault monster count
 E = Vault monster count
 F = Vault count percentage of total count
                 A         B        C        D         E       F
            +---------+---------+-------+---------+---------+-------
      Total |      37 |       0 |   0.0 |      24 |       0 |   0.0
            +---------+---------+-------+---------+---------+-------
        D:1 |      22 |       0 |   0.0 |      14 |       0 |   0.0
        D:2 |      15 |       0 |   0.0 |      10 |       0 |   0.0
            +---------+---------+-------+---------+---------+-------
